 Dungeon Crawl Stone Soup version 0.27.1-1-g398f81649c (webtiles) character file.

Game seed: 8259384895549166712

104 H0rd4k the Magician (level 4, -1/27 HPs)
             Began as an Octopode Hedge Wizard on Sept 15, 2021.
             Killed from afar by Natasha (9 damage)
             ... with a magic dart
             ... on level 2 of the Dungeon.
             The game lasted 00:02:38 (2577 turns).

H0rd4k the Magician (Octopode Hedge Wizard)         Turns: 2577, Time: 00:02:39

Health: -1/27      AC:  1    Str:  9    XL:     4   Next: 80%
Magic:  2/10       EV: 13    Int: 17    God:
Gold:   49         SH:  0    Dex: 11    Spells: 8/11 levels left

rFire    . . .     SeeInvis .   a - +0 dagger
rCold    . . .     Faith    .   (no shield)
rNeg     . . .     Spirit   .   b - +0 hat
rPois    .         Reflect  .   (no amulet)
rElec    .         Harm     .   (no ring)
rCorr    .         Rampage  .   (no ring)
Will     .....                  (no ring)
Stlth    +++.......             (no ring)
HPRegen  0.09/turn              (no ring)
MPRegen  0.12/turn              (no ring)
                                (no ring)
                                (no ring)

@: very slightly contaminated, slowed, very slow
A: almost no armour, amphibious, 8 rings, camouflage 1, gelatinous body 1,
(nimble swimmer 1), tentacles
a: no special abilities


You were on level 2 of the Dungeon.
You visited 1 branch of the dungeon, and saw 2 of its levels.

You collected 49 gold pieces.

Inventory:

Hand Weapons
 a - a +0 dagger (weapon)
Armour
 b - a +0 hat (worn)
Magical Staves
 e - a staff of death
Scrolls
 d - a scroll of noise {unknown}
 f - a scroll of amnesia {unknown}
Potions
 c - 2 potions of curing {unknown}


   Skills:
 + Level 0.2 Fighting
 - Level 0.2 Short Blades
 + Level 2.3 Dodging
 + Level 3.1 Stealth
 + Level 4.2 Spellcasting
 + Level 2.3 Conjurations
 + Level 1.0 Summonings
 + Level 1.0 Translocations


You had 8 spell levels left.
You knew the following spells:

 Your Spells              Type           Power      Damage    Failure   Level
a - Magic Dart            Conj           44%        1d5       6%          1
b - Blink                 Tloc           N/A        N/A       16%         2

Your spell library contained the following spells:

 Spells                   Type           Power      Damage    Failure   Level
 Call Imp                 Summ           7%         N/A       16%         2
 Slow                     Hex            3%         N/A       24%         2
 Conjure Flame            Conj/Fire      7%         6-21      28%         3
 Mephitic Cloud           Conj/Pois/Air  6%         N/A       32%         3


Dungeon Overview and Level Annotations

Branches:
Dungeon (2/15)

Altars:

Annotations:
D:2 Natasha


Innate Abilities, Weirdness & Mutations

You cannot wear most types of armour.
You are amphibious.
You can wear up to eight rings at the same time.
Your skin changes colour to match your surroundings (Stealth+).
Your rubbery body absorbs attacks. (AC +1, EV +1)
((You are camouflaged near water. (Stealth+)))
You have tentacles for arms and can constrict up to eight enemies at once.


Message History

The magic dart hits Natasha.
Natasha is almost dead.
Natasha claws you.
The magic dart hits Natasha.
Natasha is almost dead.
Natasha mumbles some strange words.
You feel disoriented.
Natasha stares at you and mumbles some strange words.
The magic dart hits you. Natasha casts a spell at you.
You feel as though you will be slow longer.
The magic dart hits Natasha.
You kill Natasha!
Natasha yowls pathetically as she dies!
Unknown command.
Natasha, Servant of Life and Death comes into view.
Natasha is nearby!
Natasha is nearby!
Natasha is nearby!
Natasha hisses angrily.
Natasha mumbles some strange words.
Natasha shimmers violently.
Natasha stares at you and mumbles some strange words.
You feel as though you will be slow longer.
You miscast Magic Dart.
You are very lightly contaminated with residual magic.
Nothing appears to happen.
Natasha closely misses you.
You miscast Magic Dart.
Nothing appears to happen.
Natasha casts a spell.
The magic dart hits Natasha.
Natasha is moderately wounded.
Natasha howls an incantation.
Natasha's front paws start to glow.
Natasha barely misses you. The white imp gestures at you.
The puff of frost hits you!
* * * LOW HITPOINT WARNING * * *
Natasha stares at you and mumbles some strange words.
The magic dart hits you!
You die...

##............#.#......
.....###...##.#.#.##### #
#....###...##.#.#.#####
#.####)...........).......##
# ...#..##.##...##.#......#
#. #.#..##.##...##.#..(...#
#.##....##.##...##.###.####
#>.........5#...##.# #.##
##......##.@h...##.###..####
#....#####.#.............P..
#........#.#..##[..##..PP≈≈P
#....###.#.##.##)...P####..P
##.#.# #.#.##..#.........###
#.#.# #.#.###.....P.≈≈..._#
..#.# #.#.# .....h.P...###
.# #.###.#.# #...#..P.⌠.≈..#
#. #.#...#.# ##..#...P⌠.P..#


You could see Natasha and a white imp (summoned).

Vanquished Creatures
  Jessica (D:2)
  Natasha (D:2)
  An adder (D:2)
  8 ball pythons
  5 bats
  4 endoplasms
  4 giant cockroaches
  A goblin (D:2)
  3 hobgoblins
  3 jackals (D:1)
  2 quokkas (D:1)
  2 frilled lizards (D:2)
  2 kobolds (D:2)
  4 rats
41 creatures vanquished.

Vanquished Creatures (others)
  A fungus (D:2)
  3 plants (D:2)
4 creatures vanquished.

Grand Total: 45 creatures vanquished

Notes
Turn   | Place    | Note
-------+----------+-------------------------------------------
     0 | D:1      | H0rd4k the Octopode Hedge Wizard began the quest for the
                  | Orb.
     0 | D:1      | Reached XP level 1. HP: 11/11 MP: 4/4
   367 | D:1      | Reached XP level 2. HP: 17/17 MP: 4/6
  1358 | D:1      | Reached XP level 3. HP: 21/21 MP: 2/8
  1536 | D:1      | Learned a level 2 spell: Blink
  2399 | D:2      | Noticed Jessica
  2405 | D:2      | Killed Jessica
  2406 | D:2      | Reached skill level 4 in Spellcasting
  2406 | D:2      | Reached XP level 4. HP: 27/27 MP: 2/10
  2528 | D:2      | Found a faded altar of an unknown god.
  2550 | D:2      | Noticed Natasha
  2559 | D:2      | Killed Natasha
  2569 | D:2      | Noticed Natasha
  2577 | D:2      | Killed from afar by Natasha

Illustrated notes

Levels and vault maps discovered:
D:1:      lightli_arrival_flooded_house, layout_loops_corners, st_stairs_7
D:2:      layout_basic, shapermc_ecumenical_altar_mp_ritualfount, uniq_jessica,
          uniq_natasha

Skill      XL: |  1  2  3 |
---------------+----------+-----
Stealth        | 3 |  3.1
Spellcasting   | 4 |  4.2
Conjurations   | 2 |  2.3
Fighting       | |  0.2
Short Blades   | |  0.2
Dodging        | |  2.3
Summonings     | |  1.0
Translocations | |  1.0

Action                   |  1- 3 |  4- 6 || total
-------------------------+-------+-------++-------
Melee: Dagger            |    14 |       ||    14
       Constrict         |     4 |       ||     4
       Tentacles         |     1 |       ||     1
 Cast: Magic Dart        |   106 |    11 ||   117
Armor: Skin              |     3 |       ||     3
Dodge: Dodged            |    20 |     2 ||    22
